 Dungeon Crawl Stone Soup version 0.29-a0-483-g69413ace17 (webtiles) character file.

Game seed: 5276704769158300446

11 xian the Shield-Bearer (level 2, 0/16 HPs)
             Began as a Vine Stalker Fighter on May 25, 2022.
             Succumbed to a kobold's poison
             ... on level 1 of the Dungeon.
             The game lasted 00:01:05 (575 turns).

xian the Shield-Bearer (Vine Stalker Fighter)        Turns: 575, Time: 00:01:06

Health: 0/16       AC:  6    Str: 18    XL:     2   Next: 29%
Magic:  3/3        EV:  9    Int:  8    God:
Gold:   38         SH:  4    Dex: 13    Spells: 1/1 levels left

rFire   . . .      SeeInvis .     - Unarmed
rCold   . . .      Faith    .   b - +0 buckler
rNeg    . . .      Spirit   +   a - +0 scale mail
rPois   .          Reflect  .   (no helmet)
rElec   .          Harm     .   (no cloak)
rCorr   .          Rampage  .   (no gloves)
Will    .....                   (no boots)
Stlth   ..........              (no amulet)
HPRegen 0.05/turn               (no ring)
MPRegen 0.08/turn               (no ring)

@: lethally poisoned (0 -> -3)
A: fangs 2, magic shield, antimagic bite, no potion heal 2
a: no special abilities


You were on level 1 of the Dungeon.
You visited 1 branch of the dungeon, and saw 1 of its levels.

You collected 38 gold pieces.

Inventory:

Missiles
 e - 3 poisoned darts (quivered)
Armour
 a - a +0 scale mail (worn)
 b - a +0 buckler (worn)
Scrolls
 f - a scroll of fog {unknown}
Potions
 c - a potion of might


   Skills:
 + Level 2.8 Fighting
 + Level 2.7 Armour
 + Level 2.8 Shields
 + Level 2.0 Unarmed Combat


You had one spell level left.
You didn't know any spells.
Your spell library was empty.

Dungeon Overview and Level Annotations

Branches:
Dungeon (1/15)

Altars:


Innate Abilities, Weirdness & Mutations

You have extremely sharp teeth.
When hurt, damage is shared between your health and your magic reserves.
Your bite disrupts and absorbs the magic of your enemies.
Potions cannot restore your health.


Message History

You see here a +0 dagger.
You see here a +0 dagger.
Found a stone staircase leading down.
There is a stone staircase leading down here.
You open the door.
There is an open door here.
You open the door.
You enter the shallow water.
Moving in this stuff is going to be slow.
A kobold comes into view. It is wielding a +2 dagger of venom.
The kobold shouts!
You closely miss the kobold. You bite the kobold. You drain its power.
The kobold is moderately wounded.
The kobold hits you but does no damage.
You barely miss the kobold. Your bite misses the kobold.
The kobold is moderately wounded.
The kobold hits you but does no damage.
You are poisoned.
You hit the kobold.
The kobold is severely wounded.
You feel sick.
The kobold hits you with a +2 dagger of venom.
You are lethally poisoned!
You hit the kobold.
You kill the kobold!
You feel very sick.
You feel very sick.
Things that are here:
a +2 dagger of venom; a kobold corpse You feel sick.
* * * LOW HITPOINT WARNING * * *
You feel sick.
* * * LOW HITPOINT WARNING * * *
You feel sick.
It was a potion of heal wounds.
That seemed strangely inert.
* * * LOW HITPOINT WARNING * * *
You feel sick.
* * * LOW HITPOINT WARNING * * *
You feel sick.
You die...

#.......#. +.......#.
############.......#.
#..................#.
#..................#.
#..................#.
#......###..#........
+......###..#.######.
#...@..#≈#..#.# #.
#.....)#≈#..#.# #.
#........≈...#.# #.
#........≈...#.# #.
#........≈...#.# #.
#.......#≈#..#.# ##
#.......#≈#..#.#
###+###.#≈#### #.###


There were no monsters in sight!

Vanquished Creatures
  A dart slug (D:1)
  A ball python (D:1)
  2 giant cockroaches (D:1)
  2 frilled lizards (D:1)
  4 kobolds (D:1)
10 creatures vanquished.

Notes
Turn   | Place    | Note
-------+----------+-------------------------------------------
     0 | D:1      | xian the Vine Stalker Fighter began the quest for the Orb.
     0 | D:1      | Reached XP level 1. HP: 11/11 MP: 2/2
   348 | D:1      | Reached XP level 2. HP: 15/16 MP: 3/3
   575 | D:1      | Succumbed to a kobold's poison

Illustrated notes

Levels and vault maps discovered:
D:1:      lightli_arrival_maybe_door_vault, layout_basic, serial_rivers,
          chequers_serial_rivers_room_b, chequers_serial_rivers_small_a,
          chequers_serial_rivers_micro_a, chequers_serial_rivers_room_a

Action                   || total
-------------------------++-------
Melee: Unarmed           ||    36
       Bite              ||    10
  Use: Potion            ||     1
Armor: Scale mail        ||    11
Dodge: Dodged            ||     9
Block: Buckler           ||     4

Table legend: (Time is in decaauts)
 A = Elapsed time spent in this place.
 B = Non-inter-level travel time spent in this place.
 C = Inter-level travel time spent in this place.
 D = Time resting spent in this place.
 E = Time spent auto-exploring this place.
 F = Levels seen in this place.
 G = Mean time per level.
                   A        B        C        D        E       F      G
               +--------+--------+--------+--------+--------+-----+--------+
         Total |    575 |    575 |      0 |      0 |    472 |   1 |  575.0 |
       Dungeon |    575 |    575 |      0 |      0 |    472 |   1 |  575.0 |
               +--------+--------+--------+--------+--------+-----+--------+

Top non-repeatable levels by time:
     D:1: 575 daAuts
